Unix NetHack Version 5.0.0-0 post-release - last build May 10 2026 23:12:36 (d1fa5d53e341ca933230fdaa984d921c805b60aa,branch:main).

Game began 2026-05-14 00:11:06, ended 2026-05-14 00:17:16.

DaveT, lawful male human Priest

           ----------
          #-........|
       ####|........|
 ----- #   |........|
 |...| ####.........|          ----------
 |...| #   -------.--          |..<.....|      --------
 |>.%|##          #            |........|      |......|
 |...-##          #           #-.........######.......|
 -----         ####           #|........|      |......|############
            ####              #-----.----      |.(....|#    ------|-----
           -.----------    ########`@f#########........###  |..........|
           |..........|#######        #######  --------# #  |..........|
           |..........|#  ##                ###########` ###|..........|
           |...........# ##                                #...........|
           |..........| ##                                  |..........|
           |..........| #                                   |..........|
           |..........-##                                   ------------
           ------------

DaveT the Acolyte            St:11 Dx:15 Co:12 In:12 Wi:18 Ch:9  Lawful
Dlvl:4  $:82 HP:0(24) Pw:31(36) AC:6  Xp:3 T:1824  Burdened

Latest messages:
 The door opens.
 You kill the brown mold!
 With great effort you move the boulder.
 In what direction? u
 As you kick the door, it crashes open!
 You see here a chest.
 Hmmm, the chest turns out to be locked.
 What do you want to wield? [- as or ?*] s
 s - a blessed crude dagger (weapon in left hand).
 There is a locked chest here; force its lock? [ynq] (q) y
 You force your crude dagger into a crack and pry.
 Your crude dagger broke!
 You give up your attempt to force the lock.
 What do you want to wield? [- a or ?*] a
 a - a blessed +1 mace (weapon in left hand).
 In what direction? l
 You kick a locked chest.
 THUD!
 You hear a muffled shatter.
 You hear a muffled shatter.
 You break open the lock!
 You see here a broken chest.
 The chest is empty.
 You find a hidden passage.
 With great effort you move the boulder.
 You find a hidden passage.
 With great effort you move the boulder.
 That door is closed.
 The door resists!
 The door opens.
 You kill the yellow mold!
 The kitten bites!
 You miss the kitten.
 The kitten misses!
 The kitten misses!
 The kitten bites!
 You miss the kitten.
 The kitten bites!
 The kitten bites!
 You miss the kitten.
 The kitten bites!
 In what direction? .
 You feel better.
 The kitten bites!
 The kitten bites!
 The kitten bites!
 The kitten bites!
 You die...
 Do you want your possessions identified? [ynq] (y) y
 Do you want to see your attributes? [ynq] (y) q

Inventory:
 Coins    ('$')
  $ - 82 gold pieces
 Weapons  (')')
  a - a blessed +1 mace (weapon in left hand)
 Armor    ('[')
  t - a +0 orcish helm (being worn)
  c - a +0 small shield (being worn)
  b - a +0 robe (being worn)
 Comestibles  ('%')
  k - a slime mold
  e - a clove of garlic
  C - 2 food rations
  f - a sprig of wolfsbane
 Scrolls  ('?')
  u - a cursed scroll of amnesia
  B - a scroll of enchant weapon
  v - a scroll of gold detection
 Spellbooks  ('+')
  m - a spellbook of charm monster
  l - a spellbook of confuse monster
  h - a spellbook of cure sickness
  w - a spellbook of detect monsters
  r - a spellbook of healing
  g - a spellbook of protection
  n - a spellbook of slow monster
 Potions  ('!')
  z - a potion of extra healing
  x - a potion of healing
  D - a cursed potion of sickness
  d - 4 potions of holy water
 Rings    ('=')
  y - a ring of poison resistance (on left hand)
 Wands    ('/')
  p - a wand of light (0:12)
 Tools    ('(')
  j - a blindfold
  i - a magic marker (0:22)
 Gems/Stones  ('*')
  o - a worthless piece of white glass

DaveT the Priest's attributes:

Background:
 You were an Acolyte, a level 3 human Priest.
 You were lawful, nominally on a mission for Athena
 who was opposed by Hermes (neutral) and Poseidon (chaotic).
 You were left-handed.
 You were in the Dungeons of Doom, on level 4.
 You entered the dungeon 1824 turns ago.
 It was the midnight hour.
 You had 69 experience points, 11 more were needed to attain level 4.

Basics:
 You had 0 out of 24 hit points.
 You had 31 out of 36 energy points (spell power).
 Your armor class was 6.
 Your wallet contained 82 zorkmids.
 Autopickup was off.

Final Characteristics:
 Your strength was 11 (limit:18/100).
 Your dexterity was 15 (limit:18).
 Your constitution was 12 (limit:18).
 Your intelligence was 12 (limit:18).
 Your wisdom was 18 (limit:18).
 Your charisma was 9 (limit:18).

Final Status:
 You weren't hungry.
 You were burdened; movement was slightly slowed.
 You were wielding a mace.
 You had basic skill with mace.

Final Attributes:
 You were devoutly aligned.
 You were poison resistant.
 You were guarded.
 Your spell casting was enhanced by wearing a robe.
 You are dead.

Miscellaneous:
 You didn't encounter any bones levels.
 Total elapsed playing time was 6 minutes and 8 seconds.

Major events:
 Turn
    1: DaveT the lawful human Priest entered the dungeon
  981: attained the rank of Acolyte (level 3)
 1045: entered the Gnomish Mines
 1824: killed by a kitten

Spells:
 Name                 Level Category     Fail Retention
 protection             1   clerical       0%  91%-100%
 cure sickness          3   healing       78%  76%-100%
 confuse monster        1   enchantment    0%  76%-100%
 charm monster          5   enchantment   99%  76%-100%
 slow monster           2   enchantment   46%  76%-100%
 healing                1   healing        0%  76%-100%

Skills:
 Fighting Skills
   bare handed combat [Unskilled]
 Weapon Skills
   club               [Unskilled]
   mace               [Basic]
   morning star       [Unskilled]
   flail              [Unskilled]
   hammer             [Unskilled]
   quarterstaff       [Unskilled]
   polearms           [Unskilled]
   spear              [Unskilled]
   trident            [Unskilled]
   lance              [Unskilled]
   bow                [Unskilled]
   sling              [Unskilled]
   crossbow           [Unskilled]
   dart               [Unskilled]
   shuriken           [Unskilled]
   boomerang          [Unskilled]
   unicorn horn       [Unskilled]
 Spellcasting Skills
   healing spells     [Unskilled]
   divination spells  [Unskilled]
   clerical spells    [Basic]

Voluntary challenges:
 Character rerolling was not enabled.
 You were an atheist.
 You never genocided any monsters.
 You never polymorphed an object.
 You never changed form.
 You used no wishes.
Achievements:
 You attained the rank of Acolyte.
 You entered the Gnomish Mines.

 The Dungeons of Doom: levels 1 to 5
    Level 1:
    Level 2:
    Level 3:
       Stairs down to The Gnomish Mines.
    Level 4: <- You were here.
       Final resting place for
          you, killed by a kitten.
    Level 5:
 The Gnomish Mines:
    Level 4:


Vanquished creatures:
  a giant bat
  a brown mold
  5 yellow molds
  a gnome zombie
  2 jackals
  2 goblins
  a sewer rat
  3 grid bugs
  3 lichens
  a kobold zombie
  7 newts
27 creatures vanquished.

No species were genocided or became extinct.

Game over:
                       ----------
                      /          \
                     /    REST    \
                    /      IN      \
                   /     PEACE      \
                  /                  \
                  |      DaveT       |
                  |      82 Au       |
                  |   killed by a    |
                  |      kitten      |
                  |                  |
                  |                  |
                  |       2026       |
                 *|     *  *  *      | *
        _________)/\\_//(\/(/\)/\//\/|_)_______

Goodbye DaveT the Priest...

You died in The Dungeons of Doom on dungeon level 4 with 570 points,
and 82 pieces of gold, after 1824 moves.
You were level 3 with a maximum of 24 hit points when you died.

